 Dungeon Crawl Stone Soup version 0.25.1-2-g60ff931df9 (webtiles) character file.

Game seed: 7192839165040260905

148 Cinatic the Sneak (level 5, -3/26 HPs)
             Began as a Spriggan Assassin on Oct 17, 2020.
             Slain by Crazy Yiuf
             ... wielding a +4 quarterstaff of chaos
              (18 damage)
             ... on level 2 of the Dungeon on Oct 18, 2020.
             The game lasted 00:28:40 (1983 turns).

Cinatic the Sneak (Spriggan Assassin)               Turns: 1983, Time: 00:28:41

Health: -3/26      AC:  3    Str:  8    XL:     5   Next: 8%
Magic:  6/6        EV: 18    Int: 18    God:
Gold:   120        SH:  0    Dex: 18    Spells: 4/4 levels left

rFire    . . .     SeeInvis +   a - +2 dagger
rCold    . . .     Gourm    .   (shield restricted)
rNeg     . . .     Faith    .   b - +0 robe
rPois    .         Spirit   .   (helmet restricted)
rElec    .         Reflect  .   c - +0 cloak
rCorr    .         Harm     .   (gloves unavailable)
MR       .....                  (boots unavailable)
Stlth    ++++......             g - amulet of regeneration
HPRegen  0.48/turn              i - +6 ring of intelligence
MPRegen  0.10/turn              (no ring)

@: very quick
A: very small, unfitting armour, see invisible, herbivore, speed 3, slow
metabolism 2
a: no special abilities


You were on level 2 of the Dungeon.
You were not hungry.

You visited 1 branch of the dungeon, and saw 2 of its levels.

You collected 120 gold pieces.

Inventory:

Hand Weapons
 a - a +2 dagger (weapon)
 s - a +2 dagger of flaming
Missiles
 d - 8 poisoned darts
 e - 2 curare-tipped darts
 q - 4 boomerangs (quivered)
Armour
 b - a +0 robe (worn)
 c - a +0 cloak (worn)
 h - a +0 leather armour
 j - a +0 pair of gloves
Jewellery
 g - an amulet of regeneration (around neck)
 i - a +6 ring of intelligence (left hand)
 t - an uncursed ring of protection from fire
Scrolls
 k - a scroll of enchant armour {unknown}
 o - a scroll of enchant weapon {unknown}
 p - 2 scrolls of remove curse {unknown}
 r - a scroll of noise {unknown}
Potions
 l - a potion of flight {unknown}
 m - a potion of haste {unknown}
 n - 2 potions of curing
Comestibles
 f - 6 rations


   Skills:
 + Level 2.1 Fighting
 + Level 3.7 Short Blades
 + Level 2.5 Throwing
 + Level 2.7 Dodging
 + Level 7.3 Stealth


You had 4 spell levels left.
You didn't know any spells.
Your spell library was empty.

Dungeon Overview and Level Annotations

Branches:
Dungeon (2/15)

Altars:

Annotations:
D:2 Crazy Yiuf


Innate Abilities, Weirdness & Mutations

You are very small and have problems with some larger weapons.
You are too small for most types of armour.
You have supernaturally acute eyesight. (SInv)
You are a herbivore.
You cover ground extremely quickly.
You need to consume almost no food.


Message History

Crazy Yiuf is severely wounded.
Crazy Yiuf barely misses you.
You hit Crazy Yiuf but do no damage.
Crazy Yiuf is severely wounded.
Crazy Yiuf says, "Lay arm childish!"
Crazy Yiuf hits you with a +4 quarterstaff of chaos!
Crazy Yiuf burns you.
You start resting.
Crazy Yiuf is too close now for your liking.
You closely miss Crazy Yiuf.
Crazy Yiuf is severely wounded.
Crazy Yiuf closely misses you.
You hit Crazy Yiuf but do no damage.
Crazy Yiuf is severely wounded.
You hit Crazy Yiuf but do no damage.
Crazy Yiuf is severely wounded.
Crazy Yiuf hits you with a +4 quarterstaff of chaos!
You are electrocuted!!
Ouch! That really hurt!
You die...

#..........# #.##.####.. #
#..........####.......... #
######.###.........#...... #
#..............#...###.###
########........###...##......#
##....(........## #...#.......#
≈##..###.......# #...........#
≈≈##..##.......####...#.......#
≈≈≈##...........@g....#>......#
≈≈≈≈##.#.......###...........##
≈≈≈≈≈#................^......#
≈≈≈≈≈#.........#####.........#
≈≈≈≈≈#.).......#####.........#
.....'.......................#
.....'....####.#####.#.......#
≈≈≈≈≈#..### #..## #.#......(#
≈≈≈≈≈#### ##..# #.##.#....#


You could see Crazy Yiuf.

Vanquished Creatures
  Natasha (D:2)
  A hound zombie (D:2)
  3 gnolls (D:2)
  3 adders (D:2)
  An ooze (D:2)
  A worm (D:2)
  A leopard gecko (D:1)
  5 bats
  4 giant cockroaches
  5 goblins
  A hobgoblin (D:1)
  4 jackals (D:2)
  2 quokkas (D:2)
  6 frilled lizards
  6 kobolds
  7 rats
51 creatures vanquished.

Notes
Turn   | Place    | Note
-------+----------+-------------------------------------------
     0 | D:1      | Cinatic the Spriggan Assassin began the quest for the Orb.
     0 | D:1      | Reached XP level 1. HP: 10/10 MP: 2/2
   153 | D:1      | Reached skill level 6 in Stealth
   252 | D:1      | Reached XP level 2. HP: 13/14 MP: 3/3
   952 | D:2      | Reached XP level 3. HP: 12/18 MP: 4/4
  1219 | D:2      | Found a runed translucent door.
  1373 | D:2      | Reached XP level 4. HP: 23/23 MP: 5/5
  1400 | D:2      | Reached skill level 7 in Stealth
  1740 | D:2      | Noticed Natasha
  1748 | D:2      | Killed Natasha
  1803 | D:2      | Reached XP level 5. HP: 16/26 MP: 6/6
  1927 | D:2      | Noticed Crazy Yiuf
  1983 | D:2      | Slain by Crazy Yiuf

Illustrated notes

Levels and vault maps discovered:
D:1:      minmay_arrival_stone_box, layout_loops_ring, serial_rivers,
          chequers_serial_rivers_room_b, chequers_serial_rivers_small_a,
          chequers_serial_rivers_micro_d, chequers_serial_rivers_micro_b,
          chequers_serial_rivers_micro_c, minmay_misc_feat_tower
D:2:      kennysheep_big_flooded_room, layout_rooms, st_stairs_6,
          minmay_fractal_squares_gapless_5, uniq_crazy_yiuf_cottage,
          uniq_natasha

Skill      XL: |  1  2  3  4 |
---------------+-------------+-----
Stealth        | 6 7 |  7.3
Short Blades   | 3 |  3.7
Dodging        | 2 |  2.7
Fighting       | 2 |  2.1
Throwing       | |  2.5

Action                   |  1- 3 |  4- 6 || total
-------------------------+-------+-------++-------
Melee: Dagger            |    96 |    98 ||   194
Throw: Boomerang         |       |     7 ||     7
  Use: Scroll            |     4 |     1 ||     5
       Potion            |     1 |       ||     1
 Stab: Sleeping          |    12 |     2 ||    14
Armor: Robe              |    10 |    13 ||    23
Dodge: Dodged            |    62 |   116 ||   178
